 Dungeon Crawl Stone Soup version 0.31-a0-1009-g454b1f1e0a (webtiles) character file.

Game seed: 13180665622999828839

191 Gynju the Cudgeller (level 5, 0/48 HPs)
             Began as a Minotaur Fighter on Nov 15, 2023.
             Slain by Sigmund
             ... wielding a +2 scythe of flaming
              (1 damage)
             ... on level 3 of the Dungeon.
             The game lasted 00:03:32 (1984 turns).

Gynju the Cudgeller (Minotaur Fighter)              Turns: 1984, Time: 00:03:32

Health: 0/48       AC: 10    Str: 23    XL:     5   Next: 42%
Magic:  4/4        EV:  8    Int:  5    God:
Gold:   147        SH:  0    Dex:  9    Spells: 4/4 levels left

rFire   . . .        a - +0 flail
rCold   . . .        c - +0 buckler
rNeg    . . .        j - +0 chain mail
rPois   .            (helmet restricted)
rElec   .            (no cloak)
rCorr   .            i - +0 pair of gloves
SInv    .            (no boots)
Will    .....        (no amulet) Stlth
                     (no ring)
HPRegen 0.28/turn    (no ring)
MPRegen 0.09/turn

%: no passive effects
@: confused, mighty
A: horns 2, retaliatory headbutt
a: no special abilities


You were on level 3 of the Dungeon.
You visited 1 branch of the dungeon, and saw 3 of its levels.

You collected 147 gold pieces.

Inventory:

Hand Weapons
 a - a +0 flail (weapon)
Armour
 c - a +0 buckler (worn)
 i - a +0 pair of gloves (worn)
 j - a +0 chain mail (worn)
Jewellery
 l - an amulet of regeneration
 q - a ring of resist corrosion
Wands
 s - a wand of flame (30)
Scrolls
 b - 2 scrolls of teleportation {unknown}
 e - a scroll of revelation {unknown}
 f - a scroll of acquirement {unknown}
 g - 4 scrolls of identify {unknown}
 h - 2 scrolls of poison {unknown}
 k - a scroll of immolation {unknown}
 o - a scroll of enchant armour {unknown}
 r - a scroll of brand weapon {unknown}
Potions
 d - 2 potions of might
 m - 2 potions of degeneration {unknown}
 n - 2 potions of curing {unknown}
 p - a potion of lignification {unknown}


   Skills:
 + Level 5.2 Fighting
 * Level 5.8 Maces & Flails
 - Level 3.6 Armour
 - Level 3.6 Shields


You had 4 spell levels left.
You didn't know any spells.
Your spell library contained the following spells:

 Spells                   Type           Power      Damage    Failure   Level
 Inner Flame              Hex/Fire       0%         N/A       100%        3
 Ozocubu's Armour         Ice            0%         N/A       100%        3
 Metabolic Englaciation   Hex/Ice        0%         N/A       100%        5
 Yara's Violent Unravell  Hex/Tmut       0%         3d3       100%        5
 Simulacrum               Ice/Necr       0%         N/A       100%        6
 Enfeeble                 Hex            0%         N/A       100%        7


Dungeon Overview and Level Annotations

Branches:
Dungeon (3/15)

Altars:
Gozag

Shops:
D:1 !   D:2 [[*

Annotations:
D:3 Sigmund


Innate Abilities, Weirdness & Mutations

You have a pair of horns on your head.
You reflexively headbutt those who attack you in melee.


Message History

You resist with some effort.
Sigmund gestures wildly while chanting.
Sigmund flickers and vanishes!
Deactivating autopickup; reactivate with Ctrl-A.
You barely miss something. Something hits you. Something burns you.
You miss something. Your headbutt misses something. Something hits you!
Something burns you.
You closely miss something. Something completely misses you.
You miss something. You miss something. You block something's attack.
You miss something. Something hits you but does no damage.
You completely miss something. Something hits you. Something burns you.
You sock something! Your headbutt misses something. You closely miss something.
You hear some strange, mumbled words.
Something tries to affect you, but you resist.
Something hits you but does no damage.
You miss something. You closely miss something. You block something's attack.
You closely miss something. Your headbutt misses something. Something hits you.
Something burns you.
You closely miss something. Something hits you but does no damage.
You closely miss something. You barely miss something.
Your headbutt misses something. Something hits you. Something burns you.
You closely miss something. Something hits you but does no damage.
You barely miss something.
You hear some strange, mumbled words.
You are confused.
You're too confused to move!
Something hits you. Something burns you.
You barely miss something. Something hits you!
* * * LOW HITPOINT WARNING * * *
Something burns you.
* * * LOW HITPOINT WARNING * * *
You barely miss something. Your headbutt misses something.
You completely miss something. Your headbutt misses something.
Something hits you.
* * * LOW HITPOINT WARNING * * *
Something burns you.
You die...

.......####†.................##.#
..####......##########.###.#.##.#
#..#####...## ##### ...##....##.#
.........#.####... ..## #...###..
#####..###.<).#.# ### ##.#.###..
...###..........########..#.....#
.#.# #######)##..........##..##..
.#.#### #....##.....).##...#..
......#### ###.{@........###.....
##.......#####.###..<.....##.....
#....##.......#..............#..
####.####...###.#........##.....
#..##..#.....#......#.###....
#........##.......>.#...#...# [
#...#..########......###.##..# #.
#.#.....#######..........###.#
#^#.###....#.........####.......


There were no monsters in sight!

Vanquished Creatures
  Natasha (thrice) (D:3 D:2)
  Terence (D:1)
  An adder (D:2)
  A worm (D:3)
  A dart slug (D:1)
  5 orcs (D:3)
  4 ball pythons
  8 endoplasms
  3 giant cockroaches
  7 goblins
  7 hobgoblins
  5 jackals
  3 quokkas (D:2)
  5 bats
  3 frilled lizards
  5 kobolds
  3 rats
65 creatures vanquished.

Notes
Turn   | Place    | Note
-------+----------+-------------------------------------------
     0 | D:1      | Gynju the Minotaur Fighter began the quest for the Orb.
     0 | D:1      | Reached XP level 1. HP: 19/19 MP: 0/0
   121 | D:1      | Found a faded altar of an unknown god.
   142 | D:1      | Found a transporter.
   146 | D:1      | Found Dutsub's Distillery.
   148 | D:1      | Found a transporter.
   527 | D:1      | Reached XP level 2. HP: 24/27 MP: 1/1
   824 | D:2      | Noticed Terence
   845 | D:1      | Killed Terence
   846 | D:1      | Reached XP level 3. HP: 28/33 MP: 2/2
   907 | D:2      | Found Onenaj's Armour Shop.
  1077 | D:2      | Found Wyijaucs's Armour Shop.
  1080 | D:2      | Reached XP level 4. HP: 41/41 MP: 3/3
  1086 | D:2      | Found Ewna Dun's General Store.
  1398 | D:3      | Reached skill level 5 in Maces & Flails
  1482 | D:3      | Found an opulent altar of Gozag.
  1568 | D:3      | Noticed Natasha
  1648 | D:3      | Killed Natasha
  1649 | D:3      | Reached skill level 5 in Fighting
  1649 | D:3      | Reached XP level 5. HP: 27/48 MP: 4/4
  1829 | D:3      | Noticed Sigmund
  1847 | D:3      | Noticed Natasha
  1861 | D:2      | Killed Natasha
  1914 | D:2      | Noticed Natasha
  1922 | D:2      | Killed Natasha
  1984 | D:3      | HP: 1/48 [something (5)]
  1984 | D:3      | Slain by Sigmund

Illustrated notes

Levels and vault maps discovered:
D:1:      evilmike_arrival_fibonacci_small, layout_loops_ring,
          ebering_ecumenical_altar_petrified, serial_shops,
          nicolae_shop_drivethru
D:2:      layout_rooms, serial_shops, shop, shop, shop, minmay_surrounded,
          uniq_terence
D:3:      layout_rooms, grunt_gozag_breadcrumbs,
          mainiacjoe_overflow_small_starburst, uniq_natasha, uniq_sigmund

Skill      XL: |  1  2  3  4 |
---------------+-------------+-----
Maces & Flails | 3 4 5 |  5.8
Fighting       | 4 5 |  5.2
Armour         | |  3.6
Shields        | |  3.6

Action                     |  1- 3 |  4- 6 || total
---------------------------+-------+-------++-------
  Melee: Flail             |    64 |    84 ||   148
         Headbutt          |    11 |     9 ||    20
    Use: Potion            |       |     1 ||     1
 Armour: Scale mail        |    28 |       ||    28
         Chain mail        |    22 |    53 ||    75
  Dodge: Dodged            |    28 |    32 ||    60
  Block: Buckler           |    18 |    11 ||    29

Table legend: (Time is in decaauts)
 A = Elapsed time spent in this place.
 B = Non-inter-level travel time spent in this place.
 C = Inter-level travel time spent in this place.
 D = Time resting spent in this place.
 E = Time spent auto-exploring this place.
 F = Levels seen in this place.
 G = Mean time per level.
                   A        B        C        D        E       F      G
               +--------+--------+--------+--------+--------+-----+--------+
         Total |   2028 |   1900 |    128 |     90 |   1283 |   3 |  676.0 |
       Dungeon |   2028 |   1900 |    128 |     90 |   1283 |   3 |  676.0 |
               +--------+--------+--------+--------+--------+-----+--------+

Top non-repeatable levels by time:
     D:1: 866 daAuts
     D:2: 700 daAuts
     D:3: 461 daAuts
